 Dungeon Crawl Stone Soup version 0.30-a0-570-g486de37d69 (webtiles) character file.

Game seed: 5839814419333780438

184 rsvaco the Slasher (level 5, -2/46 HPs)
             Began as a Minotaur Fighter on Dec 29, 2022.
             Was an Initiate of Okawaru.
             Slain by an ogre
             ... wielding a +0 giant spiked club
              (10 damage)
             ... on level 5 of the Dungeon.
             The game lasted 00:07:20 (2686 turns).

rsvaco the Slasher (Minotaur Fighter)               Turns: 2686, Time: 00:07:20

Health: -2/46      AC:  9    Str: 23    XL:     5   Next: 36%
Magic:  4/4        EV:  7    Int:  5    God:    Okawaru [......]
Gold:   171        SH:  4    Dex:  9    Spells: 4/4 levels left

rFire   + . .      SeeInvis .    a - +0 long sword
rCold   x . .      Faith    .    c - +0 buckler
rNeg    . . .      Spirit   .    o - +0 chain mail
rPois   .          Reflect  .    (helmet restricted)
rElec   .          Harm     .    (no cloak)
rCorr   .          Rampage  .    (no gloves)
Will    .....                    (no boots) Stlth
                                 (no amulet)
HPRegen 0.27/turn                k - ring of fire
MPRegen 0.09/turn                (no ring)

@: brilliant
A: horns 2, retaliatory headbutt
a: Renounce Religion


You were on level 5 of the Dungeon.
You worshipped Okawaru.
Okawaru was noncommittal.
You visited 1 branch of the dungeon, and saw 5 of its levels.

You collected 171 gold pieces.

Inventory:

Hand Weapons
 a - a +0 long sword (weapon)
 q - a +0 sling
Missiles
 g - 23 stones (quivered)
 z - a throwing net
Armour
 b - a +0 scale mail
 c - a +0 buckler (worn)
 h - a +0 ring mail
 o - a +0 chain mail (worn)
 p - a +0 pair of boots
Jewellery
 k - a ring of fire (left hand)
Scrolls
 j - a scroll of noise {unknown}
 n - a scroll of poison
 r - 2 scrolls of identify
 t - a scroll of enchant armour {unknown}
 v - 2 scrolls of brand weapon {unknown}
 x - a scroll of fog {unknown}
 y - a scroll of magic mapping {unknown}
 A - a scroll of blinking {unknown}
 B - a scroll of silence
Potions
 d - 2 potions of might
 e - a potion of degeneration
 f - a potion of ambrosia {unknown}
 i - 5 potions of curing {unknown}
 l - 2 potions of mutation {unknown}
 m - 2 potions of heal wounds {unknown}
 s - 2 potions of brilliance
 u - a potion of haste {unknown}
 w - a potion of berserk rage {unknown}
 C - a potion of attraction {unknown}


   Skills:
 + Level 4.1 Fighting
 + Level 5.1 Long Blades
 + Level 4.4 Armour
 + Level 0.3 Dodging
 + Level 4.7 Shields


You had 4 spell levels left.
You didn't know any spells.
Your spell library contained the following spells:

 Spells                   Type           Power      Damage    Failure   Level
 Vhi's Electric Charge    Tloc/Air       0%         N/A       100%        3
 Arcjolt                  Conj/Air       0%         1d10      100%        5
 Maxwell's Capacitive Co  Air            0%         ∞         100%        8


Dungeon Overview and Level Annotations

Branches:
Dungeon (5/15)             Temple (0/1) D:5

Altars:
Fedhas
Kikubaaqudgha
Okawaru

Shops:
D:2 *


Innate Abilities, Weirdness & Mutations

You have a pair of horns on your head.
You reflexively headbutt those who attack you in melee.


Message History

Found a black potion.
Found a sling.
The ogre hits you with a +0 giant spiked club!!
Ouch! That really hurt!
You see here 13 gold pieces.
You are too injured to fight recklessly!
You block the ogre's attack. The black bear bites you.
The black bear claws you.
The black bear claws you but does no damage.
The ogre attacks as you move away! You block the ogre's attack.
You see here 13 gold pieces.
You hit the black bear. You headbutt the black bear.
The black bear is moderately wounded.
The black bear bites you. The black bear claws you.
* * * LOW HITPOINT WARNING * * *
You block the black bear's attack.
You closely miss the black bear. You headbutt the black bear.
The black bear is heavily wounded.
The black bear bites you.
* * * LOW HITPOINT WARNING * * *
The black bear claws you but does no damage.
You block the black bear's attack.
The black bear bites you but does no damage.
You block the black bear's attack.
The black bear claws you but does no damage.
It was a potion of brilliance.
You feel clever all of a sudden. You block the ogre's attack.
You block the black bear's attack.
The black bear claws you but does no damage. x2
The black bear attacks as you move away!
You block the black bear's attack. The black bear barely misses you.
The black bear claws you but does no damage.
You block the ogre's attack. The ogre barely misses you.
The black bear barely misses you. The black bear claws you.
* * * LOW HITPOINT WARNING * * *
The black bear claws you but does no damage.
The ogre attacks as you move away!
The ogre hits you with a +0 giant spiked club!
You die...

.# #####.#.#...###.......
...#####.............#....[..
#.....$...........#.#.....#
#......##.........#.#.....#
#..)..............#.......#
...#...............<.......#
## #.####..........#......>#
.........Oh......#.#...###
......##....@>.......#....~~
.#.. #..#.........###...§§§
#. #.##.........# #.#§~§§§ #!
###..##...# ..#~§§>~ ..
##.#....# ~§§ .. .. .. ## ...
. ....


You could see a black bear and an ogre.

Vanquished Creatures
  2 hounds (D:3)
  An iguana (D:4)
  2 adders
  An ufetubus (D:4)
  A dart slug (D:3)
  2 orcs (D:4)
  8 ball pythons
  8 bats
  2 endoplasms
  A giant cockroach (D:2)
  7 goblins
  7 hobgoblins
  7 jackals
  3 quokkas
  4 frilled lizards
  7 kobolds
  3 rats
66 creatures vanquished.

Vanquished Creatures (others)
  3 withered plants (D:3)
3 creatures vanquished.

Grand Total: 69 creatures vanquished

Notes
Turn   | Place    | Note
-------+----------+-------------------------------------------
     0 | D:1      | rsvaco the Minotaur Fighter began the quest for the Orb.
     0 | D:1      | Reached XP level 1. HP: 19/19 MP: 0/0
   122 | D:1      | Reached XP level 2. HP: 27/27 MP: 1/1
   364 | D:1      | Reached XP level 3. HP: 33/33 MP: 2/2
   910 | D:2      | Reached skill level 3 in Long Blades
  1045 | D:2      | Found an iron altar of Okawaru.
  1058 | D:2      | Became a worshipper of Warmaster Okawaru
  1109 | D:2      | Found Viogitud's General Store.
  1586 | D:3      | Reached skill level 4 in Long Blades
  1586 | D:3      | Reached XP level 4. HP: 40/40 MP: 3/3
  2032 | D:3      | Found a blossoming altar of Fedhas.
  2034 | D:3      | Found an ancient bone altar of Kikubaaqudgha.
  2185 | D:4      | Reached XP level 5. HP: 46/46 MP: 4/4
  2347 | D:4      | Reached skill level 5 in Long Blades
  2645 | D:5      | Entered Level 5 of the Dungeon
  2648 | D:5      | Found a staircase to the Ecumenical Temple.
  2648 | D:5      | Noticed a black bear
  2649 | D:5      | Noticed an ogre
  2686 | D:5      | Slain by an ogre

Illustrated notes

Levels and vault maps discovered:
D:1:      nzn_arrival_crosshair, layout_basic
D:2:      layout_loops_ring, basic_altar, serial_shops,
          nicolae_shop_competitors_out_of_business
D:3:      layout_loops_ring, grunt_temple_overflow_growth_and_decay,
          minmay_tree_intersection
D:4:      layout_cave_pools, gup_sewer_entry_pipe, minmay_unequal
D:5:      layout_rooms, minmay_temple_entry_mist, minmay_diced_spiral

Skill      XL: |  1  2  3  4  5 |
---------------+----------------+-----
Shields        | 4 |  4.7
Fighting       | 4 |  4.1
Armour         | 4 |  4.4
Long Blades    | 4 5 |  5.1
Dodging        | |  0.3

Action                   |  1- 3 |  4- 6 || total
-------------------------+-------+-------++-------
Melee: Long sword        |   100 |    58 ||   158
       Headbutt          |    13 |    10 ||    23
Throw: Stone             |     1 |       ||     1
  Use: Scroll            |     4 |       ||     4
       Potion            |       |     1 ||     1
Armor: Scale mail        |    33 |       ||    33
       Chain mail        |    27 |    55 ||    82
Dodge: Dodged            |    42 |    50 ||    92
Block: Buckler           |    21 |    36 ||    57

Table legend: (Time is in decaauts)
 A = Elapsed time spent in this place.
 B = Non-inter-level travel time spent in this place.
 C = Inter-level travel time spent in this place.
 D = Time resting spent in this place.
 E = Time spent auto-exploring this place.
 F = Levels seen in this place.
 G = Mean time per level.
                   A        B        C        D        E       F      G
               +--------+--------+--------+--------+--------+-----+--------+
         Total |   2727 |   2634 |     93 |      0 |   1804 |   5 |  545.4 |
       Dungeon |   2727 |   2634 |     93 |      0 |   1804 |   5 |  545.4 |
               +--------+--------+--------+--------+--------+-----+--------+

Top non-repeatable levels by time:
     D:1: 746 daAuts
     D:3: 735 daAuts
     D:2: 723 daAuts
     D:4: 480 daAuts
     D:5: 41 daAuts
